 Dungeon Crawl Stone Soup version 0.26-a0-648-g87339cca5e (webtiles) character file.

Game seed: 11241624226701842350

13 DogServant the Ruffian (level 2, -8/23 HPs)
             Began as a Draconian Transmuter on Sept 25, 2020.
             Mangled by an ice beast (9 damage)
             ... on level 2 of the Dungeon.
             The game lasted 00:01:01 (544 turns).

DogServant the Ruffian (Draconian Transmuter)        Turns: 544, Time: 00:01:03

Health: -8/23      AC:  4    Str: 12    XL:     2   Next: 24%
Magic:  4/5        EV: 12    Int: 13    God:
Gold:   7          SH:  0    Dex: 11    Spells: 4/5 levels left

rFire    . . .     SeeInvis .   c - +0 short sword
rCold    . . .     Faith    .   (no shield)
rNeg     . . .     Spirit   .   (armour unavailable)
rPois    .         Reflect  .   (helmet currently unavailable)
rElec    .         Harm     .   (no cloak)
rCorr    .         Rampage  .   (no gloves)
MR       .....                  (boots currently unavailable)
Stlth    +.........             (no amulet)
HPRegen  0.07/turn              (no ring)
MPRegen  0.09/turn              (no ring)

@: appendages (expiring), slowed, very slow
A: unfitting armour, horns 2, talons 2, cold-blooded, AC +4
a: End Transformation


You were on level 2 of the Dungeon.
You had grown temporary horns.
You had grown temporary talons.
You visited 1 branch of the dungeon, and saw 2 of its levels.

You collected 7 gold pieces.

Inventory:

Hand Weapons
 c - a +0 short sword (weapon)
Missiles
 b - 2 poisoned darts (quivered)
Potions
 a - a potion of heal wounds {unknown}
 d - a potion of brilliance {unknown}
 e - a potion of stabbing {unknown}
 f - a potion of magic {unknown}


   Skills:
 - Level 1.1 Fighting
 + Level 2.2 Dodging
 + Level 3.3 Unarmed Combat
 - Level 2.0 Spellcasting
 - Level 2.0 Transmutations


You had 4 spell levels left.
You knew the following spells:

 Your Spells              Type           Power        Failure   Level
a - Beastly Appendage     Tmut           #.....       11%         1

Your spell library contained the following spells:

 Spells                   Type           Power        Failure   Level
 Wereblood                Tmut           #.......     17%         2
 Spider Form              Tmut/Pois      #.........   45%         3
 Ice Form                 Ice/Tmut       #.......     86%         4
 Blade Hands              Tmut           #.........   97%         5


Dungeon Overview and Level Annotations

Branches:
Dungeon (2/15)

Altars:


Innate Abilities, Weirdness & Mutations

Your plain brown scales are hard. (AC +4)
You cannot fit into any form of body armour.
You are cold-blooded and may be slowed by cold attacks.
You have a pair of horns on your head.
You have razor-sharp toenails.


Message History

Your tail-slap misses the ice beast.
The ice beast hits you. The ice beast freezes you!
You feel yourself slow down. The ice beast misses you.
You are too injured to fight recklessly!
You are too injured to fight recklessly!
You are too injured to fight recklessly!
You are too injured to fight recklessly!
You hit the ice beast but do no damage. Your kick misses the ice beast.
Your transformation is almost over.
The ice beast hits you. The ice beast freezes you!
You feel as though you will be slow longer.
* * * LOW HITPOINT WARNING * * *
You hit the ice beast but do no damage. Your kick misses the ice beast.
Your tail-slap misses the ice beast.
The ice beast hits you but does no damage.
The ice beast hits you.
* * * LOW HITPOINT WARNING * * *
The ice beast freezes you!
You feel as though you will be slow longer.
You die...

.# .# .# ## #
.# .. #...#.#
##..#.#..#
.........#
.....#<#######
#......@Y..#
#..#######.#
#.# ... #.# #.
#


You could see an ice beast.

Vanquished Creatures
  2 goblins (D:1)
  5 hobgoblins (D:1)
  A bat (D:1)
  2 frilled lizards (D:1)
  2 kobolds (D:1)
12 creatures vanquished.

Notes
Turn   | Place    | Note
-------+----------+-------------------------------------------
     0 | D:1      | DogServant the Draconian Transmuter began the quest for the
                  | Orb.
     0 | D:1      | Reached XP level 1. HP: 16/16 MP: 3/3
   221 | D:1      | Reached XP level 2. HP: 23/23 MP: 3/5
   537 | D:2      | Noticed an ice beast
   544 | D:2      | HP: 1/23 [ice beast (1)]
   544 | D:2      | Mangled by an ice beast

Illustrated notes

Levels and vault maps discovered:
D:1:      roderic_crop_circles_arrival_small, layout_rooms
D:2:      layout_loops_ring, lemuel_crystal_altar, zin_academy,
          minmay_indecisive_spiral

Skill      XL: |  1 |
---------------+----+-----
Dodging        | 2 |  2.2
Fighting       | |  1.1
Unarmed Combat | |  3.3
Spellcasting   | |  2.0
Transmutations | |  2.0

Action                   || total
-------------------------++-------
Melee: Unarmed           ||    23
       Kick              ||     5
       Headbutt          ||     3
       Punch             ||     2
       Short sword       ||    12
 Cast: Beastly Appendage ||     9
Armor: Skin              ||     8
Dodge: Dodged            ||    16

Table legend: (Time is in decaauts)
 A = Elapsed time spent in this place.
 B = Non-inter-level travel time spent in this place.
 C = Inter-level travel time spent in this place.
 D = Time resting spent in this place.
 E = Time spent auto-exploring this place.
 F = Levels seen in this place.
 G = Mean time per level.
                   A        B        C        D        E       F      G
               +--------+--------+--------+--------+--------+-----+--------+
         Total |    543 |    485 |     58 |      0 |    399 |   2 |  271.5 |
       Dungeon |    543 |    485 |     58 |      0 |    399 |   2 |  271.5 |
               +--------+--------+--------+--------+--------+-----+--------+

Top non-repeatable levels by time:
     D:1: 536 daAuts
     D:2: 7 daAuts
